 Dungeon Crawl Stone Soup version 0.22-a0-303-g4a852b3 (webtiles) character file.

32419 Amnesiac the Zephyrmancer (level 13, 0/76 HPs)
             Began as a Tengu Air Elementalist on Mar 27, 2018.
             Was a High Priest of Sif Muna.
             Shot with an arrow by Nessos (5 damage)
             ... on level 13 of the Dungeon.
             The game lasted 00:47:18 (20072 turns).

Amnesiac the Zephyrmancer (Tengu Air Elementalist) Turns: 20072, Time: 00:47:19

Health: 0/76       AC:  8    Str:  3    XL:     13   Next: 64%
Magic:  0/30       EV: 23    Int: 24    God:    Sif Muna [*****.]
Gold:   420        SH:  0    Dex: 15    Spells: 6/37 levels left

rFire    + . .     SeeInvis +   v - staff of air
rCold    + . .     Gourm    .   (no shield)
rNeg     . . .     Faith    .   I - +0 robe {rC+}
rPois    .         Spirit   +   (helmet restricted)
rElec    +         Reflect  .   (no cloak)
rCorr    .         Harm     .   p - +1 pair of gloves
MR       .....                  (boots unavailable)
Stlth    ++........             F - amulet of guardian spirit
HPRegen  0.22/turn              g - +4 ring of protection
MPRegen  0.22/turn              G - ring "Qoluga" {rF+ Str-5 Int+3 SInv}

@: lethally poisoned (0 -> -29), flying quickly and evasively, no casting, quick
A: beak, talons 3, able to fly 1
a: Stop Divine Energy, Channel Magic, Forget Spell, Renounce Religion


You were on level 13 of the Dungeon.
You worshipped Sif Muna.
Sif Muna was extremely pleased with you.
You were not hungry.

You visited 3 branches of the dungeon, and saw 16 of its levels.
You also visited: Labyrinth, Sewer and Ossuary.

You collected 1165 gold pieces.
You spent 745 gold pieces at shops.

Inventory:

Hand Weapons
 z - a +0 dagger of electrocution
Missiles
 l - 73 poisoned needles
 y - a throwing net
 L - 7 needles of sleeping
 N - 17 javelins of penetration (quivered)
Armour
 p - a +1 pair of gloves (worn)
 D - a +2 leather armour of magic resistance
 I - a +0 robe of cold resistance (worn)
Magical Staves
 v - an uncursed staff of air (weapon)
Jewellery
 g - a +4 ring of protection (left hand)
 u - an uncursed ring of flight
 F - an amulet of guardian spirit (around neck)
 G - the ring "Qoluga" (right hand) {rF+ Str-5 Int+3 SInv}
   (You bought it in a shop on level 4 of the Dungeon)

   [ring of see invisible]

   It affects your strength (-5).
   It affects your intelligence (+3).
   It protects you from fire.
   It lets you see invisible.
Wands
 n - a wand of digging (26)
 r - a wand of iceblast (14)
 C - a wand of enslavement (32)
 E - a wand of flame (28)
 H - a wand of clouds (2)
 M - a wand of random effects (31)
Scrolls
 a - 8 scrolls of remove curse {!r}
 d - 5 scrolls of teleportation {!r}
 i - 3 scrolls of magic mapping {!r}
 m - 2 scrolls of enchant armour {!r}
 o - 2 scrolls of amnesia {!r}
 s - 2 scrolls of identify {!r}
 w - a scroll of blinking {!r}
 B - 2 scrolls of fog {!r}
 K - a scroll of vulnerability {!r}
 O - a scroll of torment {!r}
 Q - a scroll of holy word {!r}
Potions
 b - a potion of heal wounds {!q}
 e - a potion of ambrosia {!q}
 f - 4 potions of agility {!q}
 h - 3 potions of curing {!q}
 j - 4 potions of magic {!q}
 k - 2 potions of mutation {!q}
 q - 2 potions of flight {!q}
 t - 3 potions of lignification {!q}
 x - 5 potions of might {!q}
 A - a potion of haste {!q}
 J - a potion of brilliance {!q}
Comestibles
 c - 16 rations


   Skills:
 - Level 7.0 Fighting
 - Level 11.0 Dodging
 - Level 2.0 Stealth
 - Level 12.9 Spellcasting
 + Level 4.8 Conjurations
 - Level 13.1 Air Magic
 - Level 8.0 Invocations


You had 6 spell levels left.
You knew the following spells:

 Your Spells              Type           Power        Failure   Level  Hunger
a - Airstrike             Air            #######...   1%          4    None
b - Ozocubu's Armour      Chrm/Ice       ###.....     12%         3    None
c - Shock                 Conj/Air       ####         1%          1    None
d - Lightning Bolt        Conj/Air       ######....   2%          5    ###....
e - Mephitic Cloud        Conj/Pois/Air  ######..     1%          3    None
f - Deflect Missiles      Chrm/Air       ######....   38%         6    #####..
r - Regeneration          Chrm/Necr      ###.......   12%         3    None
s - Conjure Ball Lightni  Conj/Air       ######....   14%         6    #####..


Dungeon Overview and Level Annotations

Branches:
Dungeon (13/15) Temple (1/1) D:4 Lair (0/6) D:11 Orc (2/2) D:11 Vaults (0/5) D:12 D:13 Elf: Orc:2

Altars:
Ashenzari
Cheibriados
Dithmenos
Elyvilon
Gozag
Hepliaklqana
Kikubaaqudgha
Makhleb
Nemelex Xobeh
Okawaru
Qazlal
Ru
Sif Muna
Trog
Uskayaw
Wu Jian
Xom
Yredelemnul
Zin
The Shining One

Shops:
D:4 =   D:11 *

Annotations:
D:13 Nessos


Innate Abilities, Weirdness & Mutations

You have a beak for a mouth.
You have claws for feet.
You can fly.


Message History

Aim: Nessos, wielding a longbow of flaming and wearing a glowing centaur barding (heavily wounded, fast, unusually resistant)
You feel a surge of power!
You hear a mighty clap of thunder!
The bolt of lightning hits Nessos.
Nessos completely resists.
Nessos is heavily wounded.
The bolt of lightning hits Nessos.
Nessos resists.
Nessos is heavily wounded.
Sif Muna grants you divine energy.
You briefly lose access to your magic!
You hear a screech!
You hear an angry buzzing noise. x4
Nessos says, "Even if you were a mare, I'd kill you!"
Nessos shoots an arrow.
The arrow completely misses you.
Nessos shoots an arrow.
You deflect the arrow!
Unknown command.
Nessos shoots an arrow.
The arrow completely misses you.
You see here an arrow.
Evoke which item? (* to show all) (? for menu, Esc to quit)
Aiming: Random Effects
Press: ? - help, Shift-Dir - straight line, f/p - Nessos
Aim: Nessos, wielding a longbow of flaming and wearing a glowing centaur barding (heavily wounded, fast, unusually resistant)
The puff of frost hits Nessos.
Nessos resists.
Nessos is heavily wounded.
Nessos shoots an arrow.
You deflect the arrow!
Nessos shoots an arrow.
The arrow hits you!! The arrow burns you.
Nessos shoots an arrow.
The arrow completely misses you.
Nessos shoots an arrow.
The arrow closely misses you.
You regain access to your magic.
Casting: Lightning Bolt (safe; 2% risk of failure)
Confirm with . or Enter, or press ? or * to list all spells.
Aiming: Airstrike (safe; 1% risk of failure)
Press: ? - help, Dir - move target cursor, f/p - Nessos
Aim: Nessos, wielding a longbow of flaming and wearing a glowing centaur barding (heavily wounded, fast, unusually resistant)
You feel a surge of power!
The air twists around and strikes Nessos!
Nessos is severely wounded.
Sif Muna grants you divine energy.
You briefly lose access to your magic!
Nessos shoots an arrow.
The arrow completely misses you.
Nessos shoots an arrow.
You deflect the arrow!
You feel less protected from missiles.
Nessos shoots an arrow.
The arrow hits you but does no damage.
You see here an arrow.
Nessos shoots an arrow.
The arrow hits you!!
* * * LOW HITPOINT WARNING * * *
The arrow burns you.
* * * LOW HITPOINT WARNING * * *
You see here an arrow.
Evoke which item? (* to show all) (? for menu, Esc to quit)
That's the wrong kind of item! (Use * to select it.) Evoke which item? (* to show all) (? for menu, Esc to quit)
Aiming: Cloud Cone
Press: ? - help, Dir - move target cursor, f/p - Nessos
Aim: Nessos, wielding a longbow of flaming and wearing a glowing centaur barding (severely wounded, fast, unusually resistant)
You create a blast of noxious fumes!
Nessos intently looks at you, slowly moving his tail.
Nessos shoots an arrow.
The arrow hits you!!
* * * LOW HITPOINT WARNING * * *
You are lethally poisoned!
Really quaff
b - 2 potions of heal wounds {!q}?
You feel much better.
You feel sick.
Nessos shoots an arrow.
The arrow hits you!!
* * * LOW HITPOINT WARNING * * *
The arrow burns you.
You are more poisoned.
You die...

................ +...
......((........ #... ..
......(><....# .# #... #.#
##....<∩....##.# ###'
#..###..†.......... #.
#...#...........## ##
#...§.....(...# #
####..§§§......## ##
#.....§c§§@....#### #.
##.....######......###### #.
#......(.(.(.c...........###.
..#.....######......####...'.
#.....# #..(...# #####.
#.....# ##.##### #. ###.###
#.)##### ## #. ##().)(# # ##
######+#### #


You could see Nessos.

Vanquished Creatures
  Rupert (D:12)
  A minotaur (Lab)
  Snorg (D:10)
  Erolcha (D:11)
  4 two-headed ogres
  The ghost of Arum the Fighter, a novice FoGl of Makhleb (D:9)
  Urug (D:10)
  Nergalle (D:10)
  5 skeletal warriors
  An unseen horror (D:12)
  An orc knight (D:12)
  2 deep elf magi (D:12)
  A manticore (D:10)
  An orc sorcerer (Orc:1)
  An ugly thing (D:10)
  Psyche (D:10)
  4 gargoyles
  6 trolls
  6 hippogriffs
  A raiju (shapeshifter) (D:12)
  A shadow (Lab)
  16 yaks
  16 humans
  6 hungry ghosts
  A soldier ant (D:12)
  A water moccasin (D:10)
  8 orc warriors
  3 sky beasts (D:12)
  A black bear (D:9)
  An eye of draining (D:11)
  4 phantoms
  2 ice beasts
  3 necrophages
  9 ogres
  6 centaurs
  2 crocodiles
  2 big kobolds
  9 bullfrogs
  An elf zombie (Ossuary)
  A wyvern zombie (D:12)
  4 scorpions
  21 killer bees
  7 wights
  A howler monkey (D:10)
  6 crimson imps
  3 human zombies (Ossuary)
  2 centaur zombies
  3 bullfrog zombies
  2 jellies (D:9)
  14 orc priests
  A bullfrog skeleton (D:7)
  6 hounds
  6 centaur skeletons
  Ijyb (D:4)
  3 iguanas
  16 orc wizards
  11 worker ants
  A big kobold zombie (Ossuary)
  2 hound zombies
  2 hound skeletons
  A howler monkey zombie (D:11)
  2 mummies (Ossuary)
  8 gnolls
  A river rat (D:5)
  19 adders
  A howler monkey skeleton (D:8)
  3 shadow imps
  2 adder zombies
  6 worms
  3 dart slugs
  3 leopard geckos
  83 orcs
  8 ball pythons
  5 bats
  7 giant cockroaches
  7 hobgoblins
  21 jackals
  19 kobolds
  3 quokkas
  11 frilled lizards
  11 goblins
  2 goblin zombies (Ossuary)
  7 hobgoblin zombies (Ossuary)
  9 kobold zombies (Ossuary)
  10 orc zombies (Ossuary)
  3 quokka skeletons
  6 rats
  2 rat zombies (Ossuary)
  5 plants (Sewer)
514 creatures vanquished.

Vanquished Creatures (others)
  3 ball lightnings (D:13)
  A killer bee (D:13)
4 creatures vanquished.

Grand Total: 518 creatures vanquished

Notes
Turn   | Place    | Note
-------+----------+-------------------------------------------
     0 | D:1      | Amnesiac the Tengu Air Elementalist began the quest for the Orb.
     0 | D:1      | Reached XP level 1. HP: 10/10 MP: 4/4
   317 | D:1      | Reached XP level 2. HP: 12/15 MP: 3/6
   440 | D:1      | Found a sparkling altar of Nemelex Xobeh.
   655 | D:2      | Reached XP level 3. HP: 20/20 MP: 4/7
   662 | D:2      | Reached skill level 1 in Fighting
  1014 | D:2      | Reached XP level 4. HP: 23/25 MP: 1/8
  1026 | D:2      | Learned a level 4 spell: Airstrike
  1240 | D:2      | Reached skill level 5 in Air Magic
  1817 | D:2      | Gained mutation: You can fly. [Tengu growth]
  1817 | D:2      | Reached XP level 5. HP: 27/29 MP: 4/9
  2059 | D:3      | Found a basalt altar of Yredelemnul.
  2797 | D:3      | Reached XP level 6. HP: 35/35 MP: 3/11
  3270 | D:4      | Reached skill level 6 in Air Magic
  3802 | D:4      | Noticed Ijyb
  3828 | D:4      | Killed Ijyb
  3828 | D:4      | Reached XP level 7. HP: 40/40 MP: 6/12
  3850 | D:4      | Reached skill level 5 in Dodging
  3928 | D:4      | Found a staircase to the Ecumenical Temple.
  4044 | Temple   | Entered the Ecumenical Temple
  4175 | Temple   | Became a worshipper of Sif Muna the Loreminder
  4239 | D:4      | Reached skill level 7 in Air Magic
  4404 | D:4      | Found Jitaza Udug's Jewellery Emporium.
  4535 | D:5      | Entered Level 5 of the Dungeon
  4607 | D:5      | Reached skill level 8 in Air Magic
  4778 | D:5      | Found a hazy altar of Hepliaklqana.
  4780 | D:5      | Found a glowing silver altar of Zin.
  4815 | D:5      | Reached * piety under Sif Muna
  4874 | D:5      | Reached skill level 5 in Spellcasting
  4874 | D:5      | Reached XP level 8. HP: 45/45 MP: 0/16
  5205 | D:5      | Found a glowing drain.
  5207 | D:5      | Reached ** piety under Sif Muna
  5213 | Sewer    | Entered a sewer
  6156 | D:6      | Found a bloodstained altar of Trog.
  6374 | D:6      | Found a deep blue altar of Sif Muna.
  6889 | D:7      | Reached XP level 9. HP: 49/49 MP: 8/22
  6895 | D:7      | Reached *** piety under Sif Muna
  7328 | D:7      | Reached skill level 9 in Air Magic
  7362 | D:7      | Found a sand-covered staircase.
  7370 | Ossuary  | Entered an ossuary
  7934 | D:7      | Reached **** piety under Sif Muna
  8544 | D:8      | Reached skill level 10 in Air Magic
  8713 | D:8      | Noticed a two-headed ogre
  8753 | D:8      | Killed a two-headed ogre
  8753 | D:8      | Reached skill level 10 in Spellcasting
  8753 | D:8      | Reached XP level 10. HP: 44/54 MP: 0/25
  9343 | D:8      | Reached ***** piety under Sif Muna
  9574 | D:9      | Reached skill level 11 in Air Magic
  9980 | D:9      | Noticed Arum's ghost (novice FoGl)
 10007 | D:9      | Killed Arum's ghost
 10105 | D:9      | Identified Sif Muna's Tome of Excruciating Transmutation (Sif Muna gifted it to you on level 9 of the Dungeon)
 10105 | D:9      | Received a gift from Sif Muna
 10113 | D:9      | Learned a level 3 spell: Mephitic Cloud
 10117 | D:9      | Learned a level 3 spell: Ozocubu's Armour
 10121 | D:9      | Learned a level 3 spell: Regeneration
 10261 | D:10     | Entered Level 10 of the Dungeon
 10293 | D:9      | Reached skill level 1 in Invocations
 10594 | D:9      | Reached XP level 11. HP: 59/59 MP: 0/27
 10767 | D:10     | Noticed Psyche
 10785 | D:10     | Noticed Urug
 10790 | D:10     | Killed Psyche
 10937 | D:10     | Noticed Nergalle
 11039 | D:10     | Noticed a white ugly thing
 11043 | D:10     | Noticed a spectral orc warlord
 11043 | D:10     | Killed Nergalle
 11043 | D:10     | Reached skill level 5 in Invocations
 11058 | D:10     | Killed a white ugly thing
 11374 | D:4      | Bought an uncursed amulet of guardian spirit for 360 gold pieces
 11375 | D:4      | Bought the ring "Qoluga" {rF+ Str-5 Int+3 SInv} for 297 gold pieces
 12134 | D:10     | Noticed a manticore
 12153 | D:10     | Killed a manticore
 12155 | D:10     | Noticed a two-headed ogre
 12183 | D:10     | Noticed Snorg
 12195 | D:10     | Killed a two-headed ogre
 12582 | D:10     | Killed Urug
 12844 | D:10     | Killed Snorg
 13036 | D:11     | Found Udokaceb's Assorted Antiques.
 13068 | D:11     | Bought a runed robe for 88 gold pieces
 13231 | D:11     | Found a staircase to the Orcish Mines.
 13362 | D:11     | Noticed Erolcha
 13626 | D:11     | Reached XP level 12. HP: 44/66 MP: 0/28
 13713 | D:11     | Found a stormy altar of Qazlal.
 13730 | D:11     | Found a staircase to the Lair.
 14161 | D:11     | Killed Erolcha
 14461 | Orc:1    | Entered Level 1 of the Orcish Mines
 14617 | Orc:1    | Reached skill level 5 in Fighting
 14779 | Orc:2    | Entered Level 2 of the Orcish Mines
 15064 | Orc:2    | Noticed a stone giant
 15300 | D:12     | Found a labyrinth entrance.
 15341 | Lab      | Entered a labyrinth
 15450 | Lab      | Noticed a minotaur
 16007 | Lab      | Killed a minotaur
 16010 | Lab      | Got a spiked ring mail
 16136 | Lab      | Identified the +1 ring mail of Evolution {rElec rC++ Int-4} (You took it off a minotaur in a labyrinth)
 16530 | D:12     | Noticed a two-headed ogre
 16538 | D:12     | Killed a two-headed ogre
 16538 | D:12     | Reached skill level 10 in Dodging
 16729 | D:10     | Learned a level 5 spell: Lightning Bolt
 17137 | D:12     | Noticed Rupert
 17680 | D:12     | Paralysed by Rupert for 7 turns
 17802 | D:12     | Reached XP level 13. HP: 45/76 MP: 0/29
 17978 | D:12     | Reached skill level 12 in Air Magic
 18339 | D:13     | Found a gate to the Vaults.
 18339 | D:13     | Noticed Nessos
 18542 | D:12     | Found a glowing golden altar of the Shining One.
 18777 | D:12     | Killed Rupert
 18777 | D:12     | Identified Sif Muna's Reference Book on Weightlessness (Sif Muna gifted it to you on level 12 of the Dungeon)
 18777 | D:12     | Received a gift from Sif Muna
 18790 | D:12     | Learned a level 6 spell: Deflect Missiles
 18798 | D:12     | Learned a level 6 spell: Conjure Ball Lightning
 19006 | D:12     | Reached skill level 13 in Air Magic
 20072 | D:13     | Shot with an arrow by Nessos

Vault maps used:
D:1:      minmay_arrival_semitransparent, nemelex_xobeh_ov_fountains_minmay
D:2:      minmay_goblin_outpost
D:3:      first_ration, minmay_misc_feat_rugged, serial_bayou_pond_b,
          yredelemnul_altar_generic
D:4:      temple_fountains, serial_shops,
          nicolae_shop_temple_entry_statues_fountains, uniq_ijyb
D:5:      nicolae_overflow_hidden_temple, portal_sewer_entry_e
D:6:      kennysheep_mini_moat, basic_altar
D:7:      nicolae_ossuary_entry_plus
D:8:      minmay_goldmine
D:10:     kennysheep_big_flooded_room, grunt_pizzeria, uniq_nergalle,
          uniq_snorg, uniq_urug, uniq_psyche
D:11:     david_lair_generic, hiddenorc2_lemuel, serial_shops,
          nicolae_shop_statue_plus, basic_altar, uniq_erolcha
D:12:     basic_altar, lab_entry_generic, uniq_rupert
D:13:     david_vaults_3, minivault_12
Temple:   eino_temple_scatter_basement
Orc:1:    nicolae_orc_accident_2, serial_shops, nicolae_shop_behind_doors,
          uniq_maurice
Orc:2:    st_orc_ogre_mass, serial_shops, shop
Lab:      labyrinth_spiral, labyrinth_skeletal_remains, nicolae_lab_do_over,
          nicolae_lab_lava, nicolae_lab_flowing_pool
Sewer:    sewer_co_scattered_pipes
Ossuary:  ossuary_tomb_1

Skill      XL: |  1  2  3  4  5  6  7  8  9 10 11 12 13 |
---------------+----------------------------------------+-----
Fighting       | 1 2 4 7 |  7.0
Dodging        | 3 4 5 7 11 | 11.0
Air Magic      | 5 6 8 10 11 13 | 13.1
Spellcasting   | 3 5 8 10 11 12 | 12.9
Invocations    | 3 8 |  8.0
Conjurations   | 4 |  4.8
Stealth        | |  2.0

Action                   |  1- 3 |  4- 6 |  7- 9 | 10-12 | 13-15 || total
-------------------------+-------+-------+-------+-------+-------++-------
Melee: Unarmed           |     2 |    19 |    10 |       |       ||    31
       Kick              |     1 |     4 |    67 |    24 |     8 ||   104
       Peck              |       |       |    35 |    11 |     8 ||    54
       Staff             |       |       |   189 |   126 |    46 ||   361
 Cast: Shock             |    51 |   160 |   103 |     1 |       ||   315
       Airstrike         |       |     2 |   162 |   437 |   108 ||   709
       Mephitic Cloud    |       |       |       |     3 |       ||     3
       Lightning Bolt    |       |       |       |     7 |     9 ||    16
       Deflect Missiles  |       |       |       |       |     1 ||     1
       Conjure Ball Ligh |       |       |       |       |     1 ||     1
Invok: Divine Energy     |       |       |     1 |       |       ||     1
       Channel Magic     |       |       |       |     7 |     1 ||     8
 Abil: Fly               |       |       |     2 |    14 |     6 ||    22
Evoke: Wand              |       |       |       |     8 |     3 ||    11
  Use: Scroll            |     4 |     3 |    10 |    12 |     1 ||    30
       Potion            |       |       |     2 |     8 |     1 ||    11
  Eat: Chunk             |     1 |    10 |    24 |    27 |    12 ||    74
       Ration            |       |       |     3 |     3 |       ||     6
Armor: Robe              |     1 |       |       |     6 |    20 ||    27
       Leather armour    |     4 |    15 |    94 |    60 |       ||   173
       Skin              |       |       |       |    27 |       ||    27
Dodge: Dodged            |    22 |    54 |   171 |   180 |   160 ||   587
       Deflected         |       |       |       |       |     6 ||     6

Table legend:
 A = Spawn XP
 B = Non-spawn XP
 C = Spawn XP percentage of total XP
 D = Spawn monster count
 E = Non-spawn monster count
 F = Spawn count percentage of total count
 G = Total turns spent on level
                    A         B        C        D         E        F      G
               +---------+---------+-------+---------+---------+-------+---------
         Total |       0 |   46313 |   0.0 |       0 |     510 |   0.0 | 20072
               +---------+---------+-------+---------+---------+-------+---------
           D:1 |       0 |      23 |   0.0 |       0 |      13 |   0.0 |   651
           D:2 |       0 |     146 |   0.0 |       0 |      31 |   0.0 |  1482
           D:3 |       0 |     172 |   0.0 |       0 |      32 |   0.0 |  1123
           D:4 |       0 |     559 |   0.0 |       0 |      19 |   0.0 |  1320
           D:5 |       0 |     726 |   0.0 |       0 |      30 |   0.0 |  1012
           D:6 |       0 |     556 |   0.0 |       0 |      13 |   0.0 |   501
           D:7 |       0 |    1137 |   0.0 |       0 |      24 |   0.0 |  1126
           D:8 |       0 |    2394 |   0.0 |       0 |      39 |   0.0 |  1491
           D:9 |       0 |    3540 |   0.0 |       0 |      31 |   0.0 |  1226
          D:10 |       0 |    6615 |   0.0 |       0 |      27 |   0.0 |  1640
          D:11 |       0 |    5454 |   0.0 |       0 |      76 |   0.0 |  2203
          D:12 |       0 |   15725 |   0.0 |       0 |      50 |   0.0 |  2665
          D:13 |       0 |    4626 |   0.0 |       0 |      39 |   0.0 |   592
         Orc:1 |       0 |     986 |   0.0 |       0 |       8 |   0.0 |   575
         Orc:2 |       0 |     279 |   0.0 |       0 |       9 |   0.0 |    55
           Lab |       0 |    2964 |   0.0 |       0 |       8 |   0.0 |   940
         Sewer |       0 |      59 |   0.0 |       0 |      23 |   0.0 |   797
       Ossuary |       0 |     352 |   0.0 |       0 |      38 |   0.0 |   528
               +---------+---------+-------+---------+---------+-------+---------
